Match 47193492
Unlisted

Match 47193492
End
Kettenkrad Recon Vehicle
Construct Infanterie Kompanie
Selects Terror Battlegroup
Selects Machine Gun Camouflage
Grenadier Squad
Grenadier Squad
MG 42 Machine Gun Team
GrW 34 Mortar Team
Selects Contempt for the Weak
Construct Luftwaffe Kompanie
221 Scout Car
Jäger Squad
Jäger Squad
Jäger Squad
Construct Panzer Kompanie
Selects Jericho Trumpet
Pioneer Squad
Selects V1 Rocket Strike
MG 42 Machine Gun Team
Grenadier Squad
Cpt. Unicorn
mentoss
0
0

Comments sign in to comment!

No comments posted yet!